 Dungeon Crawl Stone Soup version 0.27.1-33-g824d729ab1 (webtiles) character file.

Game seed: 2962486860863350510

4771 Cykl0x the Slasher (level 10, -1/58 HPs)
             Began as a Gargoyle Gladiator on Dec 22, 2021.
             Was an Elder of the Shining One.
             Slain by a tentacled starspawn (10 damage)
             ... on level 2 of the Abyss.
             The game lasted 00:13:06 (8027 turns).

Cykl0x the Slasher (Gargoyle Gladiator)             Turns: 8027, Time: 00:13:09

Health: -1/58      AC: 20    Str: 19    XL:     10   Next: 47%
Magic:  15/17      EV: 10    Int:  8    God:    the Shining One [****..]
Gold:   530        SH: 19    Dex: 14    Spells: 14/19 levels left

rFire    . . .     SeeInvis .   h - +12 scimitar of Pily {holy, rElec Int-3 Dex+3}
rCold    . . .     Faith    .   p - +2 kite shield {reflect}
rNeg     + + +     Spirit   .   f - +0 ring mail
rPois    ∞         Reflect  +   c - +0 helmet
rElec    +         Harm     .   q - +2 cloak {rCorr}
rCorr    +         Rampage  .   (no gloves)
Will     +....                  B - +2 pair of boots
Stlth    +.........             H - amulet of magic regeneration
HPRegen  0.19/turn              x - ring of willpower
MPRegen  0.40/turn              (no ring)

@: divinely shielded, about to teleport, glowing
A: sickness immunity, AC +7, negative energy resistance 1, electricity
resistance, torment resistance 1, petrification resistance
a: Renounce Religion, Divine Shield, Cleansing Flame


You were on level 2 of the Abyss.
You worshipped the Shining One.
The Shining One was greatly pleased with you.
You visited 2 branches of the dungeon, and saw 10 of its levels.
You visited the Abyss 1 time.

You collected 1513 gold pieces.
You spent 861 gold pieces at shops.
You donated 122 gold pieces to Zin.

Inventory:

Hand Weapons
 a - a +0 long sword
 h - the +12 scimitar of Pily (weapon) {holy, rElec Int-3 Dex+3}
   (You bought it in a shop on level 3 of the Dungeon)

   It has been blessed by the Shining One to cause great damage to the undead
   and demons.
   Int:       It affects your intelligence (-3).
   Dex:       It affects your dexterity (+3).
   rElec:     It insulates you from electricity.
 o - a +5 long sword of freezing
Missiles
 d - 47 poisoned darts (quivered)
 j - 227 stones
Armour
 b - a +0 leather armour
 c - a +0 helmet (worn)
 f - a +0 ring mail (worn)
 p - a +2 kite shield of reflection (worn)
 q - a +2 cloak of preservation (worn)
 B - a +2 pair of boots (worn)
Jewellery
 t - a ring of see invisible
 x - a ring of willpower (left hand)
 E - a ring of flight
 H - an amulet of magic regeneration (around neck)
Wands
 y - a wand of polymorph (16)
 C - a wand of paralysis (7)
 G - a wand of flame (20)
Scrolls
 i - 3 scrolls of blinking
 l - 3 scrolls of teleportation
 s - 6 scrolls of identify
 u - a scroll of vulnerability
 w - a scroll of fear
 z - a scroll of amnesia
 D - a scroll of immolation
 F - a scroll of magic mapping
Potions
 e - 3 potions of invisibility
 g - 4 potions of flight {unknown}
 k - a potion of resistance {unknown}
 n - 2 potions of haste {unknown}
 r - 3 potions of might {unknown}
 v - a potion of brilliance {unknown}
 A - a potion of attraction {unknown}


   Skills:
 + Level 4.6 Fighting
 + Level 7.3 Long Blades
 + Level 4.5 Throwing
 + Level 4.4 Armour
 + Level 3.6 Dodging
 * Level 4.2 Shields
 * Level 5.3 Spellcasting
 * Level 4.2 Transmutations
 * Level 5.1 Invocations


You had 14 spell levels left.
You knew the following spells:

 Your Spells              Type           Power      Damage    Failure   Level
a - Wereblood             Tmut           8%         N/A       41%         2
b - Stone Arrow           Conj/Erth      4%         3d7       99%         3

Your spell library contained the following spells:

 Spells                   Type           Power      Damage    Failure   Level
 Blink                    Tloc           N/A        N/A       95%         2
 Searing Ray              Conj           4%         3d3       95%         2
 Slow                     Hex            2%         N/A       95%         2
 Call Canine Familiar     Summ           2%         N/A       99%         3
 Gell's Gravitas          Tloc           1%         N/A       99%         3
 Lesser Beckoning         Tloc           1%         N/A       99%         3
 Portal Projectile        Hex/Tloc       4%         N/A       99%         3
 Teleport Other           Tloc           2%         N/A       99%         3
 Leda's Liquefaction      Hex/Erth       1%         N/A       100%        4
 Petrify                  Tmut/Erth      5%         N/A       100%        4
 Manifold Assault         Tloc           2%         N/A       100%        5
 Metabolic Englaciation   Hex/Ice        1%         N/A       100%        5
 Silence                  Hex/Air        1%         N/A       100%        5
 Summon Hydra             Summ           1%         N/A       100%        7
 Lehudib's Crystal Spear  Conj/Erth      1%         10d2      100%        8
 Sublimation of Blood     Necr           Unusable   N/A       N/A         2
 Statue Form              Tmut/Erth      Unusable   N/A       N/A         6

Dungeon Overview and Level Annotations

Branches:
Dungeon (9/15)             Temple (1/1) D:4
   Lair: D:8-11         Orc: D:9-12

Altars:
Cheibriados
Dithmenos
Elyvilon
Hepliaklqana
Makhleb
Nemelex Xobeh
Qazlal
Ru
Sif Muna
Uskayaw
Vehumet
Zin
The Shining One

Shops:
D:2 ?   D:3 (   D:8 ?

Annotations:
D:6 2 transporters, spimroxx's ghost, novice TrFi
D:9 1 transporter, CrazyMind's ghost, journeyman DjGl; Erolcha


Innate Abilities, Weirdness & Mutations

You are immune to sickness and miasma.
Your stone body is resilient. (AC +7)
You are immune to poison.
You resist negative energy. (rN+)
You are resistant to electric shocks. (rElec)
You are resistant to unholy torment.
You are immune to petrification.


Message History

The tentacled starspawn is moderately damaged.
You block the tentacled starspawn's attack.
You feel better.
The spatial maelstrom hits you but does no damage.
You block the spatial maelstrom's attack.
You block the spatial vortex's attack.
The tentacled starspawn barely misses you. x2
The spatial maelstrom completely misses you.
The spatial maelstrom hits you but does no damage.
You feel better.
A tentacle flies out from the starspawn's body!
A starspawn tentacle comes into view.
Unknown command.
You slash the tentacled starspawn!
The tentacled starspawn is moderately damaged.
You block the spatial maelstrom's attack.
The spatial maelstrom hits you but does no damage.
You block the spatial vortex's attack. The tentacled starspawn bites you!
The tentacled starspawn tentacle-slaps you!
* * * LOW HITPOINT WARNING * * *
A spatial vortex comes into view.
You hit the tentacled starspawn.
The tentacled starspawn is moderately damaged.
The tentacled starspawn bites you.
* * * LOW HITPOINT WARNING * * *
You block the tentacled starspawn's attack.
The spatial maelstrom hits you.
* * * LOW HITPOINT WARNING * * *
You block the spatial maelstrom's attack.
You feel better.
The spatial maelstrom hits you but does no damage.
The spatial maelstrom barely misses you.
You block the tentacled starspawn's attack. x2
As you read the scroll of teleportation, it crumbles to dust.
You feel strangely unstable.
You feel the power of the Abyss delaying your translocation!
The tentacled starspawn bites you! The Shining One protects you from harm!
The tentacled starspawn tentacle-slaps you!
You die...

#..##. .#. .
. . # # ##
#.#........#
##.
..#...##.## #
#..##.v.###
......
#.##.#v.v....
#
#.##......##
# #..
#†#...#v#
######......#
###@.# #X#v.#
<│X.....
.#ww. ...≈
...#.[. ...
.# # .... ..
.# ..... . .#
.#....


You could see a tentacled starspawn, a spatial maelstrom, 4 spatial vortices, a
large abomination and 2 starspawn tentacles.

Vanquished Creatures
  A salamander (shapeshifter) (Abyss:2)
  A tormentor (Abyss:2)
  A hornet (D:8)
  A shadow (D:5)
  An acid dragon (D:9)
  Duvessa (D:5)
  A water moccasin (D:6)
  An ice beast (D:6)
  3 orc warriors
  A sky beast (D:5)
  3 necrophages
  2 black bears
  3 ogres
  A centaur (D:8)
  A small abomination (Abyss:2)
  A phantom (D:5)
  A kobold brigand (D:6)
  6 bullfrogs
  2 scorpions
  Dowan (D:5)
  13 wights
  A quasit (Abyss:2)
  A bullfrog zombie (D:7)
  4 orc priests
  2 hounds
  A centaur skeleton (D:7)
  An iguana (D:5)
  9 orc wizards
  Natasha (thrice) (D:4)
  A scorpion zombie (D:5)
  2 hound zombies (D:5)
  2 hound skeletons
  4 gnolls
  5 adders
  A shadow imp (D:6)
  2 white imps
  An adder skeleton (D:4)
  2 worms
  2 dart slugs (D:2)
  24 orcs
  8 bats
  7 endoplasms
  A giant cockroach (D:1)
  9 goblins
  13 hobgoblins
  9 jackals
  8 ball pythons
  5 frilled lizards
  5 kobolds
  3 rats
  A spectral hobgoblin (D:2)
183 creatures vanquished.

Vanquished Creatures (others)
  A bullfrog skeleton (D:5)
  A starspawn tentacle (Abyss:2)
2 creatures vanquished.

Grand Total: 185 creatures vanquished

Notes
Turn   | Place    | Note
-------+----------+-------------------------------------------
     0 | D:1      | Cykl0x the Gargoyle Gladiator began the quest for the Orb.
     0 | D:1      | Reached XP level 1. HP: 12/12 MP: 1/1
   255 | D:1      | Reached XP level 2. HP: 17/17 MP: 2/2
   574 | D:1      | Reached skill level 3 in Long Blades
   979 | D:1      | Reached XP level 3. HP: 5/22 MP: 3/3
   987 | D:1      | Reached skill level 1 in Armour
  1348 | D:2      | Reached skill level 1 in Spellcasting
  1465 | D:2      | Reached XP level 4. HP: 26/27 MP: 5/5
  1482 | D:2      | Found Foburot's Magic Scroll Shop.
  1571 | D:2      | Identified a scroll of acquirement
  1571 | D:2      | Acquired a book of Blood
  1576 | D:2      | Learned a level 2 spell: Wereblood
  1769 | D:2      | Found a faded altar of an unknown god.
  2325 | D:2      | Acquired a +2 cloak of preservation
  2327 | D:2      | Acquired a +2 kite shield of reflection
  2328 | D:2      | Acquired 1139 gold pieces
  2529 | D:3      | Noticed a necrophage
  2538 | D:3      | Killed a necrophage
  2539 | D:3      | Reached XP level 5. HP: 28/31 MP: 5/7
  2833 | D:3      | Found a glowing silver altar of Zin.
  2842 | D:3      | Found a sparkling altar of Nemelex Xobeh.
  2852 | D:3      | Became a worshipper of Zin the Law-Giver
  2852 | D:3      | Reached * piety under Zin
  2852 | D:3      | Reached ** piety under Zin
  2876 | D:3      | Found Xesulofe's Weapon Shoppe.
  2881 | D:3      | Bought the +12 scimitar of Pily {holy, rElec Int-3 Dex+3}
                  | for 812 gold pieces
  3216 | D:4      | Reached skill level 4 in Long Blades
  3216 | D:4      | Reached skill level 1 in Transmutations
  3216 | D:4      | Reached XP level 6. HP: 36/36 MP: 8/8
  3273 | D:4      | Noticed a black bear
  3279 | D:4      | Killed a black bear
  3280 | D:4      | Reached skill level 1 in Invocations
  3402 | D:4      | Reached *** piety under Zin
  3562 | D:4      | Reached skill level 1 in Shields
  3562 | D:4      | Reached XP level 7. HP: 40/40 MP: 10/10
  3593 | D:4      | Found a staircase to the Ecumenical Temple.
  3606 | Temple   | Entered the Ecumenical Temple
  3623 | Temple   | Fell from the grace of Zin
  3623 | Temple   | Became a worshipper of the Shining One
  3623 | Temple   | Reached * piety under the Shining One
  3838 | D:4      | Noticed Natasha
  3842 | D:4      | Killed Natasha
  3936 | D:4      | Noticed Natasha
  3942 | D:4      | Killed Natasha
  4170 | D:4      | Noticed Natasha
  4174 | D:4      | Killed Natasha
  4285 | D:5      | Entered Level 5 of the Dungeon
  4320 | D:5      | Reached ** piety under the Shining One
  4427 | D:5      | Reached XP level 8. HP: 42/46 MP: 12/12
  4502 | D:5      | Reached skill level 5 in Long Blades
  4539 | D:5      | Noticed Duvessa
  4544 | D:5      | Killed Duvessa
  4546 | D:5      | Noticed Dowan
  4552 | D:5      | Killed Dowan
  4673 | D:5      | Noticed a shadow
  4680 | D:5      | Killed a shadow
  5119 | D:5      | Found a white marble altar of Elyvilon.
  5121 | D:5      | Found a snail-covered altar of Cheibriados.
  5452 | D:6      | Reached skill level 6 in Long Blades
  5477 | D:6      | Reached XP level 9. HP: 50/52 MP: 14/14
  5539 | D:6      | Reached *** piety under the Shining One
  5620 | D:6      | Found a transporter.
  5621 | D:6      | Noticed spimroxx's ghost (novice TrFi)
  5623 | D:6      | Noticed a two-headed ogre
  5624 | D:6      | Found a transporter.
  6958 | D:8      | Got the Almanac of Excruciating Execration
  6963 | D:8      | Learned a level 3 spell: Stone Arrow
  7074 | D:8      | Found Igure's Magic Scroll Emporium.
  7078 | D:8      | Bought a scroll of magic mapping for 49 gold pieces
  7146 | D:8      | Noticed a hornet
  7152 | D:8      | Killed a hornet
  7153 | D:8      | Reached XP level 10. HP: 53/57 MP: 17/17
  7162 | D:8      | Reached **** piety under the Shining One
  7257 | D:8      | Reached skill level 5 in Spellcasting
  7721 | D:9      | Found a transporter.
  7726 | D:9      | Noticed CrazyMind's ghost (journeyman DjGl)
  7762 | D:9      | Reached skill level 7 in Long Blades
  7841 | D:9      | Noticed Erolcha
  7846 | D:9      | Cast into level 2 of the Abyss (Erolcha)
  7889 | Abyss:2  | Reached skill level 5 in Invocations
  8002 | Abyss:2  | Noticed a salamander
  8009 | Abyss:2  | Killed a salamander
  8009 | Abyss:2  | Noticed a spatial maelstrom
  8018 | Abyss:2  | Noticed a tentacled starspawn
  8027 | Abyss:2  | The Shining One protects you from harm!
  8027 | Abyss:2  | Slain by a tentacled starspawn

Illustrated notes

Levels and vault maps discovered:
D:1:      dpeg_arrival_arbitrary_b, layout_basic
D:2:      layout_basic, dreamdust_ecumenical_altar_drowned_temple, serial_shops,
          shop, minmay_goblin_kobold_house
D:3:      minmay_spotlight, layout_loops_ring,
          mainiacjoe_overflow_large_starburst, serial_shops, shop
D:4:      layout_cave_pods, minmay_temple_entry_sparse_star, dk_noncrumbling_3,
          uniq_natasha
D:5:      layout_gridville, jmf_multi_god_temple, nrook_campfire, uniq_duvessa
D:6:      layout_loops_corners, gammafunk_ghost_smash, kennysheep_cross_room
D:7:      layout_cave_pools
D:8:      layout_loops_ring, serial_shops, kennysheep_mini
D:9:      layout_loops_ring, gammafunk_ghost_berserking_beasts, uniq_erolcha
Temple:   compressed_dpeg_circular_temple
Abyss:2:  base: D:2, hangedman_relentless_pull, hangedman_relentless_pull,
          hangedman_elemental_corridor

Skill      XL: |  1  2  3  4  5  6  7  8  9 10 |
---------------+-------------------------------+-----
Long Blades    | 3 4 6 7 |  7.3
Throwing       | 2 4 |  4.5
Armour         | 1 2 3 4 |  4.4
Spellcasting   | 1 2 3 4 5 |  5.3
Transmutations | 1 2 3 4 |  4.2
Invocations    | 1 2 3 4 5 |  5.1
Dodging        | 3 |  3.6
Shields        | 1 2 3 4 |  4.2
Fighting       | 3 4 |  4.6

Action                   |  1- 3 |  4- 6 |  7- 9 | 10-12 || total
-------------------------+-------+-------+-------+-------++-------
Melee: Long sword        |    88 |    88 |       |       ||   176
       Scimitar          |       |    14 |   149 |    47 ||   210
Throw: Throwing net      |    15 |       |       |       ||    15
       Stone             |     6 |    12 |    66 |     7 ||    91
       Dart              |       |       |    38 |     8 ||    46
 Cast: Wereblood         |       |       |       |     2 ||     2
Invok: Divine Shield     |       |       |       |     1 ||     1
       Cleansing Flame   |       |       |       |     1 ||     1
  Use: Potion            |     1 |       |       |     3 ||     4
       Scroll            |       |    10 |     5 |     1 ||    16
Armor: Leather armour    |    49 |    15 |       |       ||    64
       Ring mail         |       |    40 |    74 |    18 ||   132
Dodge: Dodged            |    71 |    63 |    57 |    30 ||   221
Block: Kite shield       |       |    27 |    78 |    37 ||   142
       Reflection        |       |     1 |     6 |       ||     7
       Rpst.: Long sword |    18 |    17 |       |       ||    35
       Scimitar          |       |     2 |    14 |     6 ||    22
